 Dungeon Crawl Stone Soup version 0.21.1-1-g345015f (webtiles) character file.

1752 budo the Covert (level 9, -1/52 HPs)
             Began as a Kobold Berserker on Mar 27, 2018.
             Was an Elder of Trog.
             Slain by an orc priest
             ... wielding a +2 flail of protection
              (10 damage)
             ... on level 6 of the Dungeon.
             The game lasted 00:27:32 (5083 turns).

budo the Covert (Kobold Berserker)                  Turns: 5083, Time: 00:27:33

Health: -1/52      AC:  4    Str: 15    XL:     9   Next: 27%
Magic:  18/18      EV: 17    Int:  8    God:    Trog [****..]
Gold:   305        SH:  0    Dex: 17    Spells: 8/8 levels left

rFire    . . .     SeeInvis .   a - +0 short sword
rCold    . . .     Gourm    .   (shield restricted)
rNeg     . . .     Faith    .   q - +0 animal skin
rPois    .         Spirit   .   (no helmet)
rElec    .         Reflect  .   w - +1 cloak
rCorr    .         Harm     .   (no gloves)
MR       .....                  (no boots)
Stlth    +++++.....             (no amulet)
HPRegen  0.17/turn              A - ring of magical power
MPRegen  0.16/turn              (no ring)

@: berserk cooldown, slowed, very slow
A: small, carnivore
a: Berserk, Trog's Hand, Brothers in Arms, Burn Spellbooks, Renounce Religion


You were on level 6 of the Dungeon.
You worshipped Trog.
Trog was greatly pleased with you.
You were very full.

You visited 2 branches of the dungeon, and saw 7 of its levels.

You collected 305 gold pieces.

Inventory:

Hand Weapons
 a - a +0 short sword (weapon)
 b - a +0 hunting sling
Missiles
 l - 50 sling bullets
 m - 96 bolts
Armour
 q - a +0 animal skin (worn)
 w - a +1 cloak (worn)
Jewellery
 A - a ring of magical power (left hand)
Wands
 p - a wand of iceblast (5)
 u - a wand of polymorph (4)
 B - a wand of clouds (7)
 D - a wand of disintegration (8)
 F - a wand of flame (33)
Scrolls
 d - 2 scrolls of enchant weapon {unknown}
 e - 2 scrolls of magic mapping
 f - 3 scrolls of remove curse
 g - 4 scrolls of identify
 h - a scroll of blinking {unknown}
 j - 2 scrolls of amnesia
 n - a scroll of fear {unknown}
 o - a scroll of fog {unknown}
 t - 3 scrolls of teleportation
 y - 2 scrolls of enchant armour {unknown}
Potions
 i - 2 potions of haste {unknown}
 k - 3 potions of heal wounds {unknown}
 r - a potion of degeneration
 s - a potion of flight
 v - a potion of mutation
 x - 2 potions of might {unknown}
 z - 5 potions of curing {unknown}
 C - a potion of resistance
Comestibles
 c - 15 rations


   Skills:
 + Level 4.5 Fighting
 - Level 10.1 Short Blades
 - Level 1.5 Armour
 + Level 4.2 Dodging
 + Level 10.8 Stealth


You had 8 spell levels left.
You didn't know any spells.

Dungeon Overview and Level Annotations

Branches:
Dungeon (6/15)             Temple (1/1) D:6

Altars:
Elyvilon
Okawaru
Sif Muna
Trog
Uskayaw
Vehumet
Wu Jian
Yredelemnul
Zin

Shops:
D:5 =

Annotations:
D:3 Redear's ghost, amateur TrMo
D:4 Kairos's ghost, novice FoEE


Innate Abilities, Weirdness & Mutations

You are small and have problems with some larger weapons.
You are carnivorous and can eat meat at any time.


Message History

You barely miss the orc priest.
The orc priest is lightly wounded.
The orc priest hits you with a flail of protection.
The orc priest begins to cast a cantrip, but forgets the words!
The orc priest looks satisfied for a moment.
The orc priest hits you with a flail of protection.
You hit the orc priest.
The orc priest is moderately wounded.
You hit the orc priest.
The orc priest is heavily wounded.
The orc priest barely misses you.
You hit the orc priest.
The orc priest is severely wounded.
The orc priest invokes the aid of Beogh against you.
Beogh smites you!
* * * LOW HITPOINT WARNING * * *
You completely miss the orc priest.
The orc priest is severely wounded.
The orc priest hits you with a flail of protection!
You die...

...##.........#**....,*
.........##...###..,,,*
......##.####..#(.*****
.......#..# ##.#.#*
..#..#....#**#†#.#
....###.....##)#)# #.###
*..##...†).# ****** #.#
#.######...### *,,,,*
#.#####.######†#@..### *,<,,*
#.#.[..........o.#...###.,,,*
#.#....##≈≈..............,,,*
#.#..###≈≈##≈............,,,*
.....≈≈≈≈#≈≈#.......####.,,,*
#...##≈≈≈≈≈≈##...(..# *,,,,*
†...#≈≈#≈≈≈#≈≈......# *,,,,*
##..#≈≈≈≈≈≈≈≈#......# ******
#..#≈≈#≈≈#≈##......#


You could see an orc priest.

Vanquished Creatures
  Sigmund (D:2)
  A yak (D:4)
  2 sky beasts
  5 centaurs
  A bullfrog (D:6)
  2 howler monkeys (D:5)
  3 crimson imps (D:5)
  A jelly (D:5)
  3 orc priests
  3 orc wizards
  A hound (D:4)
  Crazy Yiuf (D:3)
  A bullfrog skeleton (D:4)
  4 worker ants
  2 gnolls
  A howler monkey skeleton (D:4)
  10 adders
  An adder skeleton (D:5)
  2 dart slugs
  3 leopard geckos
  15 orcs
  3 giant cockroaches
  12 goblins
  8 hobgoblins
  18 jackals
  3 quokkas
  14 bats
  4 frilled lizards
  9 kobolds
  9 rats
143 creatures vanquished.

Vanquished Creatures (others)
  An orc (D:5)
1 creature vanquished.

Grand Total: 144 creatures vanquished

Notes
Turn   | Place    | Note
-------+----------+-------------------------------------------
     0 | D:1      | budo the Kobold Berserker began the quest for the Orb.
     0 | D:1      | Reached XP level 1. HP: 14/14 MP: 1/1
    13 | D:1      | Reached skill level 1 in Stealth
    16 | D:1      | Reached XP level 2. HP: 19/19 MP: 2/2
   447 | D:1      | Reached ** piety under Trog
   480 | D:1      | Reached XP level 3. HP: 23/23 MP: 3/3
   941 | D:2      | Reached skill level 5 in Short Blades
   998 | D:2      | Reached XP level 4. HP: 28/28 MP: 4/4
  1129 | D:2      | Found a white marble altar of Elyvilon.
  1271 | D:2      | Noticed Sigmund
  1309 | D:2      | Killed Sigmund
  1309 | D:2      | Reached skill level 5 in Stealth
  1309 | D:2      | Reached XP level 5. HP: 32/32 MP: 5/5
  1309 | D:2      | Reached XP level 6. HP: 37/37 MP: 6/6
  1348 | D:2      | Found a glowing silver altar of Zin.
  1644 | D:3      | Reached *** piety under Trog
  1964 | D:3      | Noticed Redear's ghost (amateur TrMo)
  2272 | D:3      | Found a runed door.
  2276 | D:3      | Noticed Crazy Yiuf
  2280 | D:3      | Killed Crazy Yiuf
  2562 | D:4      | Noticed Kairos's ghost (novice FoEE)
  2567 | D:5      | Entered Level 5 of the Dungeon
  2570 | D:5      | Reached XP level 7. HP: 41/41 MP: 7/7
  2620 | D:5      | Found Keung's Jewellery Shop.
  2733 | D:4      | Noticed a yak
  2753 | D:4      | Killed a yak
  2971 | D:4      | Found an iron altar of Okawaru.
  3123 | D:4      | Found a hide-covered altar of Uskayaw.
  3204 | D:4      | Reached XP level 8. HP: 41/46 MP: 8/8
  3615 | D:5      | Reached **** piety under Trog
  4205 | D:5      | Reached skill level 10 in Short Blades
  4205 | D:5      | Reached skill level 10 in Stealth
  4327 | D:5      | Reached XP level 9. HP: 51/51 MP: 9/9
  4625 | D:6      | Found a staircase to the Ecumenical Temple.
  4809 | Temple   | Entered the Ecumenical Temple
  5083 | D:6      | Slain by an orc priest

Skill      XL: |  1  2  3  4  5  6  7  8  9 |
---------------+----------------------------+-----
Stealth        | 1 2 3 5 6 8 10 | 10.8
Short Blades   | 5 6 7 8 10 | 10.1
Dodging        | 4 |  4.2
Fighting       | 4 |  4.5
Armour         | |  1.5

Action                   |  1- 3 |  4- 6 |  7- 9 || total
-------------------------+-------+-------+-------++-------
Melee: Short sword       |   120 |    84 |   247 ||   451
 Fire: Hunting sling     |       |    11 |    27 ||    38
Invok: Berserk           |     3 |     5 |    14 ||    22
  Use: Scroll            |       |       |    10 ||    10
 Stab: Sleeping          |     3 |     6 |     8 ||    17
  Eat: Chunk             |     3 |     9 |    29 ||    41
Armor: Animal skin       |    29 |     6 |    37 ||    72
Dodge: Dodged            |    92 |    48 |   122 ||   262
